 Dungeon Crawl Stone Soup version 0.20.1-1-g8b1a95d (webtiles) character file.

192 polve the Gusty (level 5, -1/28 HPs)
             Began as a Tengu Air Elementalist on July 9, 2017.
             Killed from afar by Ijyb (10 damage)
             ... with a wand of lightning (?/15)
             ... on level 3 of the Dungeon.
             The game lasted 00:04:35 (3753 turns).

polve the Gusty (Tengu Air Elementalist)            Turns: 3753, Time: 00:04:36

Health: -1/28      AC:  3    Str:  9    XL:     5   Next: 71%
Magic:  7/9        EV: 12    Int: 16    God:
Gold:   154        SH:  0    Dex: 14    Spells: 2/8 levels left

rFire    . . .     SeeInvis .   n - +0 short sword
rCold    . . .     Gourm    .   (no shield)
rNeg     . . .     Faith    .   q - +0 leather armour
rPois    .         Spirit   .   (helmet restricted)
rElec    .         Reflect  .   (no cloak)
rCorr    .         Harm     .   (no gloves)
MR       .....                  (boots unavailable)
Stlth    ++........             (no amulet)
Regen    0.1/turn               (no ring)
MPRegen  0.2/turn               (no ring)

@: no status effects
A: beak, talons 3, able to fly 1
a: Fly


You were on level 3 of the Dungeon.
You were not hungry.

You visited 1 branch of the dungeon, and saw 3 of its levels.

You collected 154 gold pieces.

Inventory:

Hand Weapons
 n - a +0 short sword (weapon)
Armour
 q - a +0 leather armour (worn)
Scrolls
 e - 3 scrolls of remove curse
 g - 3 scrolls of immolation {unknown}
 h - 2 scrolls of identify {unknown}
 i - a scroll of recharging
 k - a scroll of enchant weapon {unknown}
 m - a scroll of amnesia {unknown}
 o - 2 scrolls of teleportation {unknown}
 p - a scroll of random uselessness {unknown}
Potions
 a - a potion of curing
 d - a potion of lignification {unknown}
 f - a potion of agility {unknown}
 l - a potion of ambrosia {unknown}
 r - a potion of resistance {unknown}
 s - a potion of haste {unknown}
 v - a potion of cancellation {unknown}
Books
 b - a book of Air

   Spells                             Type                      Level
   a - Shock                          Conjuration/Air              1
   b - Swiftness                      Charms/Air                   2
   c - Static Discharge               Conjuration/Air              3
   d - Airstrike                      Air                          4
   e - Lightning Bolt                 Conjuration/Air              5
Comestibles
 c - a bread ration
 j - 2 royal jellies
 t - a meat ration
 u - 5 chunks of flesh


   Skills:
 - Level 2.1 Dodging
 - Level 2.0 Stealth
 - Level 2.0 Spellcasting
 + Level 5.4 Conjurations
 + Level 6.1 Air Magic


You had 2 spell levels left.
You knew the following spells:

 Your Spells              Type           Power        Failure   Level  Hunger
a - Shock                 Conj/Air       ###.         2%          1    #......
b - Static Discharge      Conj/Air       ###.....     9%          3    ###....
s - Swiftness             Chrm/Air       ##......     12%         2    ###....


Dungeon Overview and Level Annotations

Branches:
Dungeon (3/15)

Altars:
Qazlal

Annotations:
D:3 Ijyb


Innate Abilities, Weirdness & Mutations

You have a beak for a mouth.
You have claws for feet.
You can fly.


Message History

Press: ? - help, Shift-Dir - straight line, f - Ijyb
Aim: Ijyb, wearing a leather armour The zap hits Ijyb.
Ijyb appears unharmed.
Ijyb zaps a wand.
The bolt of lightning hits you!
Ouch! That really hurt!
* * * LOW HITPOINT WARNING * * *
It is a wand of lightning (?/15).
A giant cockroach comes into view.
Casting: Shock
Confirm with . or Enter, or press ? or * to list all spells.
Aiming: Shock
Press: ? - help, Shift-Dir - straight line, f/p - Ijyb
Aim: Ijyb, wearing a leather armour and carrying a wand of lightning (?/15) {zapped: 1} The zap hits Ijyb.
Ijyb is moderately wounded.
Ijyb zaps a wand.
The bolt of lightning hits the giant cockroach.
The giant cockroach dies!
The bolt of lightning hits you!
You die...

#)........##.##..#
#.#.###.####.##..#
#.#.##...........
#)#.....#######.#
#<#####.#######.#####.
#.# #...............
#.# #.######...####
#.# #.# #.....# #.#
#.# #...@.# #.# #.#
#.....# ### ###
##...## !...$.
####..## #..# #g>#
...#


You could see Ijyb.

Vanquished Creatures
  An orc priest (D:3)
  An orc wizard (D:3)
  6 adders
  An ooze (D:2)
  2 worms (D:2)
  A dart slug (D:2)
  3 leopard geckos
  8 orcs
  5 giant cockroaches
  5 goblins
  8 hobgoblins
  2 jackals (D:1)
  5 bats
  3 frilled lizards
  6 kobolds
  4 rats
61 creatures vanquished.

Vanquished Creatures (others)
  A giant cockroach (D:3)
1 creature vanquished.

Grand Total: 62 creatures vanquished

Notes
Turn   | Place    | Note
-------+----------+-------------------------------------------
     0 | D:1      | polve the Tengu Air Elementalist began the quest for the Orb.
     0 | D:1      | Reached XP level 1. HP: 10/10 MP: 4/4
   671 | D:1      | Reached XP level 2. HP: 9/15 MP: 1/6
  1553 | D:2      | Reached XP level 3. HP: 7/19 MP: 0/7
  2076 | D:2      | Reached skill level 5 in Air Magic
  2233 | D:2      | Found a stormy altar of Qazlal.
  2364 | D:2      | Reached XP level 4. HP: 23/24 MP: 0/8
  3201 | D:3      | Gained mutation: You can fly. [Tengu growth]
  3201 | D:3      | Reached XP level 5. HP: 28/28 MP: 5/9
  3281 | D:2      | Learned a level 3 spell: Static Discharge
  3283 | D:2      | Reached skill level 5 in Conjurations
  3287 | D:2      | Learned a level 2 spell: Swiftness
  3590 | D:3      | Reached skill level 6 in Air Magic
  3751 | D:3      | Noticed Ijyb
  3753 | D:3      | Killed from afar by Ijyb

Skill      XL: |  1  2  3  4  5 |
---------------+----------------+-----
Conjurations   | 2 3 4 5 |  5.4
Air Magic      | 5 6 |  6.1
Dodging        | |  2.1
Stealth        | |  2.0
Spellcasting   | |  2.0

Action                   |  1- 3 |  4- 6 || total
-------------------------+-------+-------++-------
Melee: Unarmed           |    21 |       ||    21
       Peck              |     3 |       ||     3
       Kick              |     2 |     3 ||     5
       Short sword       |     3 |    12 ||    15
 Cast: Shock             |    72 |    67 ||   139
  Use: Potion            |     2 |       ||     2
       Scroll            |     2 |     1 ||     3
  Eat: Chunk             |     6 |     5 ||    11
Armor: Robe              |     4 |       ||     4
       Leather armour    |       |     1 ||     1
Dodge: Dodged            |    34 |     9 ||    43
